 Dungeon Crawl Stone Soup version 0.20.1-1-g8b1a95d (webtiles) character file.

241 supernedo the Slasher (level 6, -2/73 HPs)
             Began as a Barachi Berserker on Oct 24, 2017.
             Was a Believer of Trog.
             Engulfed by a cloud of flame (15 damage)
             ... on level 3 of the Dungeon.
             The game lasted 00:30:41 (2473 turns).

supernedo the Slasher (Barachi Berserker)           Turns: 2473, Time: 00:30:42

Health: -2/73      AC:  7    Str: 26    XL:     6   Next: 8%
Magic:  6/6        EV: 11    Int:  7    God:    Trog [**....]
Gold:   105        SH:  0    Dex: 11    Spells: 5/5 levels left

rFire    x . .     SeeInvis .   a - +0 falchion
rCold    + + .     Gourm    .   (no shield)
rNeg     . . .     Faith    .   x - +1 scale mail {rC+}
rPois    .         Spirit   .   (no helmet)
rElec    .         Reflect  .   (no cloak)
rCorr    .         Harm     .   (no gloves)
MR       .....                  (no boots)
Stlth    ..........             (no amulet)
Regen    0.3/turn               o - ring of ice
MPRegen  0.1/turn               (no ring)

@: berserking, quick
A: +LOS, swims, slowness 1, strong legs 1
a: Hop, Berserk, Trog's Hand, Burn Spellbooks, Renounce Religion


You were on level 3 of the Dungeon.
You worshipped Trog.
Trog was pleased with you.
You were hungry.

You visited 1 branch of the dungeon, and saw 3 of its levels.

You collected 105 gold pieces.

Inventory:

Hand Weapons
 a - a +0 falchion (weapon)
 w - a +3 flail
Missiles
 d - 6 javelins (quivered)
 e - 38 arrows
Armour
 b - a +0 animal skin
 k - a +0 robe
 m - a +2 robe of cold resistance
 x - a +1 scale mail of cold resistance (worn)
Jewellery
 o - a ring of ice (left hand)
 z - a cursed -2 ring of dexterity {unknown}
Wands
 v - a wand of polymorph (19/24)
Scrolls
 h - 3 scrolls of identify {unknown}
 i - a scroll of amnesia {unknown}
 j - a scroll of remove curse {unknown}
 n - a scroll of teleportation {unknown}
 r - 2 scrolls of fog {unknown}
 s - a scroll of enchant armour {unknown}
 y - a scroll of recharging {unknown}
 B - a scroll of random uselessness {unknown}
Potions
 g - a potion of flight {unknown}
 l - a potion of heal wounds {unknown}
 p - a potion of curing
 u - a potion of brilliance {unknown}
 A - a potion of mutation {unknown}
 C - a potion of agility {unknown}
Comestibles
 c - a bread ration
 f - 2 royal jellies
 q - a meat ration
 D - 2 chunks of flesh


   Skills:
 + Level 4.7 Fighting
 - Level 5.0 Long Blades
 * Level 1.0 Maces & Flails
 - Level 1.3 Throwing
 * Level 3.0 Armour
 - Level 3.0 Dodging
 + Level 1.7 Stealth
 * Level 1.9 Unarmed Combat


You had 5 spell levels left.
You didn't know any spells.

Dungeon Overview and Level Annotations

Branches:
Dungeon (3/15)

Altars:


Innate Abilities, Weirdness & Mutations

Shadows flee at your approach. (+LOS)
You can swim through water.
You cover ground slowly.
You can hop short distances.


Message History

The orc is lightly wounded.
The goblin shouts!
The orc closely misses you.
You slice the orc!!
You feel the power of Trog in you as your rage grows.
The orc explodes!
The fiery explosion engulfs the orc.
You kill the orc!
Trog accepts your kill.
Your Armour skill increases to level 3!
The fiery explosion engulfs the orc.
You kill the orc!
Trog accepts your kill. The fiery explosion engulfs you!
The fire burns you terribly!
Ouch! That really hurt!
* * * LOW HITPOINT WARNING * * *
Trog accepts your kill.
Your Maces & Flails skill increases to level 1!
You are engulfed in blazing flames.
You die...

..............#.#..# #.
..............#.#..#####.
........(.((<...(........
.............(..##.#.#.##
...........(...(...#.#.##
...........[((.[####.#...
.....................#...
..............#..#####...
......§§@.....##.# #...
....o..)§.....# ..# #...
.g...o§§....%.# #.# #...
..............# .# #...
..............# .. #...
..............# #.# #...
................ #.##
.....%....###.### #.##
.........## ## #...


You could see an orc priest, an orc and a goblin.

Vanquished Creatures
  Jessica (D:2)
  Terence (D:2)
  7 gnolls
  4 adders
  An ooze (D:3)
  2 worms (D:2)
  2 dart slugs (D:1)
  A leopard gecko (D:1)
  3 orcs (D:3)
  5 bats
  4 giant cockroaches (D:1)
  7 goblins
  2 hobgoblins
  10 jackals
  3 quokkas (D:2)
  8 frilled lizards
  7 kobolds
  7 rats
75 creatures vanquished.

Notes
Turn   | Place    | Note
-------+----------+-------------------------------------------
     0 | D:1      | supernedo the Barachi Berserker began the quest for the Orb.
     0 | D:1      | Reached XP level 1. HP: 18/18 MP: 1/1
   180 | D:1      | Reached XP level 2. HP: 24/25 MP: 2/2
   311 | D:1      | Reached skill level 4 in Long Blades
   364 | D:1      | Reached XP level 3. HP: 24/30 MP: 3/3
   439 | D:1      | Reached skill level 1 in Stealth
   469 | D:1      | Reached ** piety under Trog
  1008 | D:2      | Noticed Jessica
  1016 | D:2      | Killed Jessica
  1016 | D:2      | Reached skill level 1 in Unarmed Combat
  1016 | D:2      | Reached XP level 4. HP: 37/37 MP: 4/4
  1160 | D:2      | Reached skill level 1 in Throwing
  1240 | D:2      | Reached XP level 5. HP: 6/43 MP: 5/5
  1596 | D:2      | Noticed Terence
  1601 | D:2      | Killed Terence
  1601 | D:2      | Reached skill level 5 in Long Blades
  2375 | D:3      | Reached XP level 6. HP: 42/49 MP: 6/6
  2473 | D:3      | Reached skill level 1 in Maces & Flails
  2473 | D:3      | Engulfed by a cloud of flame

Skill      XL: |  1  2  3  4  5  6 |
---------------+-------------------+-----
Long Blades    | 4 5 |  5.0
Stealth        | 1 |  1.7
Fighting       | 4 |  4.7
Unarmed Combat | 1 |  1.9
Throwing       | 1 |  1.3
Dodging        | 3 |  3.0
Armour         | 3 |  3.0
Maces & Flails | 1 |  1.0

Action                   |  1- 3 |  4- 6 || total
-------------------------+-------+-------++-------
Melee: Falchion          |   108 |   112 ||   220
       Punch             |     1 |     1 ||     2
       Flail             |       |    35 ||    35
Throw: Javelin           |     1 |       ||     1
Invok: Berserk           |     1 |     3 ||     4
       Trog's Hand       |       |     2 ||     2
       Burn Spellbooks   |       |     1 ||     1
 Abil: Hop               |     1 |     1 ||     2
  Use: Potion            |       |     2 ||     2
       Scroll            |       |     1 ||     1
 Stab: Sleeping          |     2 |     1 ||     3
  Eat: Chunk             |       |     6 ||     6
       Bread ration      |       |     1 ||     1
Armor: Animal skin       |    23 |       ||    23
       Robe              |     4 |    18 ||    22
       Scale mail        |       |    24 ||    24
Dodge: Dodged            |    67 |    93 ||   160
       Rpst.: Falchion   |    21 |    25 ||    46
